 Dungeon Sprint DCSS version 0.32-a0-350-g4f4d228785 (webtiles) character file.

Game seed: 8651525181667508689

214 Prakerore the Missionary (level 5, 0/78 HPs)
             Began as a Mountain Dwarf Fighter on Feb 18, 2024.
             Was a Priest of Beogh.
             Slain by Oreg the orc apostle
             ... wielding a +2 great sword of holy wrath
              (17 damage)
             ... in the Dungeon (Sprint VII: "The Pits").
             The game lasted 00:09:20 (445 turns).

Prakerore the Missionary (Mountain Dwarf Fighter)    Turns: 445, Time: 00:09:21

Health: 0/78       AC: 10    Str: 20    XL:     5   Next: 59%
Magic:  12/12      EV: 10    Int:  9    God:    Beogh [***...]
Gold:   0          SH:  0    Dex:  9    Spells: 4/4 levels left

rFire   . . .        a - +2 quarterstaff (speed)
rCold   . . .        (shield currently unavailable)
rNeg    . . .        q - +3 scale mail
rPois   .            (no helmet)
rElec   .            (no cloak)
rCorr   .            (no gloves)
SInv    .            (no boots)
Will    .....        (no amulet) Stlth
                     (no ring)
HPRegen 0.33/turn    (no ring)
MPRegen 0.13/turn

%: no teleportation
@: berserking (expiring), invisible, very quick
A: runic magic, artefact enchanting
a: Renounce Religion, Smiting


You were in the Dungeon.
You worshipped Beogh.
Beogh was most pleased with you.
You visited 1 branch

Inventory:

Hand Weapons
 a - a +2 quarterstaff of speed (weapon)
 k - a +2 hand axe
 p - a +0 flail
 s - a +2 flail of protection
 t - a +2 long sword of holy wrath
 u - a +2 heavy trident
 v - a +2 quarterstaff
 w - a +2 dagger of venom
Armour
 b - a +0 scale mail
 c - a +0 buckler
 q - a +3 scale mail (worn)
 r - a +3 ring mail
Scrolls
 j - a scroll of blinking
 m - 2 scrolls of vulnerability
 n - 5 scrolls of amnesia
 o - a scroll of butterflies
Potions
 d - a potion of might
 e - 6 potions of curing
 f - 6 potions of heal wounds
 g - a potion of haste
 h - 4 potions of magic
 i - 2 potions of berserk rage


   Skills:
 - Level 7.0 Fighting
 - Level 3.1(5.0) Maces & Flails
 - Level 5.6(6.0) Staves
 - Level 3.7 Armour
 - Level 2.5 Dodging
 - Level 3.2 Shields
 + Level 9.7 Invocations


You had 4 spell levels left.
You didn't know any spells.
Your spell library was empty.

Dungeon Overview and Level Annotations

Branches:
Dungeon (1/1)

Altars:
Ashenzari
Cheibriados
Dithmenos
Elyvilon
Fedhas
Gozag
Hepliaklqana
Kikubaaqudgha
Makhleb
Nemelex Xobeh
Okawaru
Qazlal
Ru
Sif Muna
Trog
Uskayaw
Vehumet
Wu Jian
Xom
Yredelemnul
Zin
The Shining One
Beogh
Jiyva
Lugonu


Innate Abilities, Weirdness & Mutations

Your facial features look somewhat orcish.
Your spellcasting is much less encumbered by armour.
You can use scrolls of enchantment on lesser artefacts.


Message History

You hit Oreg.
Oreg looks as sick as possible!
Oreg is moderately wounded.
Oreg hits you but does no damage.
Your +2 dagger of venom stops dripping with poison.
Your hands tingle!
a - a +2 quarterstaff of speed (weapon)
You miss Oreg.
Oreg is moderately wounded.
Oreg hits you with a +2 great sword of holy wrath!
You closely miss Oreg.
Oreg is moderately wounded.
You sock Oreg!
Oreg is moderately wounded.
Oreg hits you with a +2 great sword of holy wrath!
You completely miss Oreg.
Oreg is heavily wounded.
You barely miss Oreg.
Oreg is heavily wounded.
Oreg hits you with a +2 great sword of holy wrath.
You sock Oreg!
Oreg is severely wounded.
You closely miss Oreg.
Oreg is severely wounded.
Oreg hits you with a +2 great sword of holy wrath!!
* * * LOW HITPOINT WARNING * * *
You closely miss Oreg.
Oreg is severely wounded.
You hit Oreg but do no damage.
Oreg is severely wounded.
Oreg hits you with a +2 great sword of holy wrath.
* * * LOW HITPOINT WARNING * * *
You barely miss Oreg.
Oreg is severely wounded.
You sock Oreg!
Oreg is severely wounded.
You hit Oreg.
Oreg is almost dead.
Oreg hits you with a +2 great sword of holy wrath!
You die...
Beogh appreciates Oreg's killing of a heretic priest.

##########.##..........
#..........÷'..........
#'#####÷#####......#..#
#.#...#.#..##..........
#.#...#)#..#####'#####+
#.#..÷o.#).##.......#
#.##'####..##.......#
#.#..o..#..##.......#
#o#.÷.@.#'###...<...#
#.#........##.......#
#o#........##.......#
#z###########.......#
#.. ######### #...
#...# #.##. #.. #.


You could see Oreg the orc apostle (very poisoned, divinely empowered).

Vanquished Creatures
  A black bear (D)
  A weeping skull (D)
  A scorpion (D)
  An ufetubus (D)
  An orc (D)
  A giant cockroach (D)
  2 ball pythons (D)
  A ball python skeleton (D)
  A frilled lizard (D)
  A rat (D)
11 creatures vanquished.

Vanquished Creatures (others)
  An orc wizard (D)
  An orc (D)
2 creatures vanquished.

Grand Total: 13 creatures vanquished

Notes
Turn   | Place    | Note
-------+----------+-------------------------------------------
     0 | D        | Prakerore the Mountain Dwarf Fighter began the quest for
                  | the Orb.
     0 | D        | Reached XP level 1. HP: 19/19 MP: 1/1
    44 | D        | Found a glowing golden altar of the Shining One.
    44 | D        | Found a glowing silver altar of Zin.
    44 | D        | Found a basalt altar of Yredelemnul.
    44 | D        | Found a shimmering altar of Xom.
    44 | D        | Found an ornate altar of the Wu Jian Council.
    44 | D        | Found a bloodstained altar of Trog.
    44 | D        | Found a shimmering blue altar of Sif Muna.
    44 | D        | Found a sacrificial altar of Ru.
    44 | D        | Found a stormy altar of Qazlal.
    44 | D        | Found an iron altar of Okawaru.
    44 | D        | Found a sparkling altar of Nemelex Xobeh.
    44 | D        | Found a burning altar of Makhleb.
    44 | D        | Found a viscous altar of Jiyva.
    44 | D        | Found a hazy altar of Hepliaklqana.
    44 | D        | Found an opulent altar of Gozag.
    44 | D        | Found a blossoming altar of Fedhas.
    44 | D        | Found a white marble altar of Elyvilon.
    44 | D        | Found a shadowy altar of Dithmenos.
    44 | D        | Found a snail-covered altar of Cheibriados.
    45 | D        | Found a radiant altar of Vehumet.
    45 | D        | Found a corrupted altar of Lugonu.
    45 | D        | Found a roughly hewn altar of Beogh.
    46 | D        | Found a hide-covered altar of Uskayaw.
    46 | D        | Found an ancient bone altar of Kikubaaqudgha.
    46 | D        | Found a broken altar of Ashenzari.
    53 | D        | Became a worshipper of Beogh the Shepherd
    68 | D        | Reached skill level 1 in Staves
    77 | D        | Reached * piety under Beogh
    81 | D        | Reached XP level 2. HP: 26/26 MP: 2/2
    93 | D        | Noticed a scorpion
    93 | D        | Noticed a weeping skull
   101 | D        | Killed a scorpion
   101 | D        | Reached ** piety under Beogh
   102 | D        | Reached skill level 5 in Staves
   102 | D        | Reached skill level 4 in Invocations
   102 | D        | Reached XP level 3. HP: 31/31 MP: 2/6
   111 | D        | Reached skill level 5 in Invocations
   115 | D        | Killed a weeping skull
   116 | D        | Reached skill level 6 in Invocations
   116 | D        | Reached skill level 5 in Fighting
   116 | D        | Reached skill level 7 in Invocations
   116 | D        | Reached XP level 4. HP: 13/42 MP: 3/9
   320 | D        | Noticed a weeping skull
   374 | D        | Noticed a black bear
   389 | D        | Killed a black bear
   389 | D        | Reached *** piety under Beogh
   390 | D        | Reached skill level 9 in Invocations
   390 | D        | Reached XP level 5. HP: 34/52 MP: 10/12
   422 | D        | Noticed Oreg
   445 | D        | Slain by Oreg the orc apostle

Illustrated notes

Levels and vault maps discovered:
D:        pitsprint [storerooms_1, entrance_room_1, metal_vault_2, armoury_2,
          mini_pit_1, grid_room_1, main_hall_1, silver_pit, the_coven_1,
          the_vestibule_1, steel_vault_5, golden_pit, hallway_of_sentries,
          crystal_vault_1, iron_vault_5, final_vault]

Skill      XL: |  1  2  3  4 |
---------------+-------------+-----
Maces & Flails | 3 |  3.1
Staves         | 3 5 |  5.6
Invocations    | 4 7 9 |  9.7
Fighting       | 5 7 |  7.0
Dodging        | 2 |  2.5
Armour         | |  3.7
Shields        | |  3.2

Action                     |  1- 3 |  4- 6 || total
---------------------------+-------+-------++-------
  Melee: Quarterstaff      |    26 |    21 ||    47
         Flail             |     2 |       ||     2
         Dagger            |       |     7 ||     7
    Use: Potion            |     1 |     2 ||     3
   Stab: Invisible         |     3 |       ||     3
 Armour: Scale mail        |    19 |    25 ||    44
  Dodge: Dodged            |    20 |    16 ||    36
  Block: Buckler           |     1 |       ||     1

Table legend: (Time is in decaauts)
 A = Elapsed time spent in this place.
 B = Non-inter-level travel time spent in this place.
 C = Inter-level travel time spent in this place.
 D = Time resting spent in this place.
 E = Time spent auto-exploring this place.
 F = Levels seen in this place.
 G = Mean time per level.
                   A        B        C        D        E       F      G
               +--------+--------+--------+--------+--------+-----+--------+
         Total |    436 |    436 |      0 |    179 |      0 |   1 |  436.0 |
       Dungeon |    436 |    436 |      0 |    179 |      0 |   1 |  436.0 |
               +--------+--------+--------+--------+--------+-----+--------+

Top non-repeatable levels by time:
       D: 436 daAuts
